 Dungeon Crawl Stone Soup version 0.29-a0-892-g2c4c91d9db (webtiles) character file.

Game seed: 17302787820056974784

153 BritishOli the Ducker (level 5, -9/41 HPs)
             Began as a Demonspawn Gladiator on July 22, 2022.
             Killed by divine providence
             ... invoked by an orc priest
              (16 damage)
             ... on level 4 of the Dungeon.
             The game lasted 00:04:13 (3167 turns).

BritishOli the Ducker (Demonspawn Gladiator)        Turns: 3167, Time: 00:04:14

Health: -9/41      AC:  7    Str: 16    XL:     5   Next: 12%
Magic:  5/5        EV: 16    Int: 10    God:
Gold:   153        SH:  0    Dex: 14    Spells: 4/4 levels left

rFire   . . .      SeeInvis .   a - +0 long sword
rCold   . . .      Faith    .   (no shield)
rNeg    . . .      Spirit   .   n - +0 ring mail
rPois   .          Reflect  .   c - +0 helmet
rElec   .          Harm     .   r - +0 cloak
rCorr   .          Rampage  .   (no gloves)
Will    .....                   (no boots)
Stlth   +.........              (no amulet)
HPRegen 0.13/turn               g - +4 ring of evasion
MPRegen 0.09/turn               B - ring of flight

@: flying
A: powered by death 1
a: no special abilities


You were on level 4 of the Dungeon.
You visited 1 branch of the dungeon, and saw 4 of its levels.

You collected 153 gold pieces.

Inventory:

Hand Weapons
 a - a +0 long sword (weapon)
Missiles
 d - a throwing net (quivered)
 e - 3 javelins
 y - 5 silver boomerangs
Armour
 c - a +0 helmet (worn)
 n - a +0 ring mail (worn)
 r - a +0 cloak (worn)
Jewellery
 g - a +4 ring of evasion (left hand)
 A - a ring of fire
 B - a ring of flight (right hand)
Wands
 s - a wand of flame (13)
Scrolls
 b - a scroll of teleportation {unknown}
 f - 2 scrolls of amnesia {unknown}
 i - a scroll of immolation {unknown}
 j - a scroll of noise {unknown}
 m - 2 scrolls of fog {unknown}
 q - 2 scrolls of blinking {unknown}
 u - a scroll of brand weapon {unknown}
 v - a scroll of poison {unknown}
 w - a scroll of identify {unknown}
Potions
 h - 4 potions of curing
 k - a potion of heal wounds {unknown}
 l - a potion of haste {unknown}
 o - a potion of ambrosia {unknown}
 p - a potion of mutation {unknown}
 t - a potion of might {unknown}
 x - a potion of invisibility {unknown}
 z - a potion of berserk rage {unknown}


   Skills:
 + Level 3.1 Fighting
 + Level 3.5 Long Blades
 - Level 2.0 Throwing
 + Level 1.7 Armour
 + Level 3.5 Dodging


You had 4 spell levels left.
You didn't know any spells.
Your spell library contained the following spells:

 Spells                   Type           Power      Damage    Failure   Level
 Freezing Cloud           Conj/Ice/Air   0%         6-21      100%        5
 Simulacrum               Ice/Necr       0%         N/A       100%        6
 Polar Vortex             Ice            0%         N/A       100%        9


Dungeon Overview and Level Annotations

Branches:
Dungeon (4/15)
 Temple: D:4-7

Altars:
Ashenzari
Hepliaklqana

Annotations:
D:2 1 runed translucent door, Crazy Yiuf


Innate Abilities, Weirdness & Mutations

You regenerate a little health from kills.


Message History

You hit the ball python.
You kill the ball python!
No target in view!
No target in view!
An orc priest comes into view. It is wielding a +2 vorpal mace.
The orc priest shouts!
Found a stone staircase leading down.
An orc priest is nearby!
The orc priest invokes the aid of Beogh against you.
Beogh smites you!
An orc priest is nearby!
The orc priest misses you.
You hit the orc priest.
The orc priest is lightly wounded.
The orc priest hits you with a +2 vorpal mace.
The orc priest barely misses you.
You barely miss the orc priest.
The orc priest is lightly wounded.
The orc priest hits you with a +2 vorpal mace!
You are too injured to fight recklessly!
You are too injured to fight recklessly!
You hit the orc priest.
The orc priest is heavily wounded.
The orc priest begins to cast a cantrip, but forgets the words!
You barely miss the orc priest.
The orc priest is heavily wounded.
The orc priest mumbles some strange prayers to Beogh against you.
Beogh smites you!
* * * LOW HITPOINT WARNING * * *
You closely miss the orc priest.
The orc priest is heavily wounded.
The orc priest completely misses you. The orc priest closely misses you.
You hit the orc priest.
The orc priest is heavily wounded.
The orc priest hits you but does no damage.
You closely miss the orc priest.
The orc priest is heavily wounded.
The orc priest invokes the aid of Beogh against you.
Beogh smites you!
You die...

..... ##.# .# # .# .####
#### .... ##.. ...
#..###.### # #..#.....#
## #########..#.....#..#
.###............@o.....#
...#.......##.#.>...#..#
##..........#.#.....#
###.....P..#.###.###
#...PP..........).
......†PP.....†.#####
#...##....#....##
#.#...#..##...##
#.###.........#


You could see an orc priest.

Vanquished Creatures
  Jessica (D:2)
  Robin (D:2)
  3 gnolls (D:3)
  3 adders
  2 worms
  2 orcs (D:3)
  5 ball pythons
  6 bats
  5 endoplasms
  A giant cockroach (D:1)
  9 goblins
  6 hobgoblins
  A quokka (D:1)
  A frilled lizard (D:3)
  A kobold (D:1)
  3 rats
50 creatures vanquished.

Notes
Turn   | Place    | Note
-------+----------+-------------------------------------------
     0 | D:1      | BritishOli the Demonspawn Gladiator began the quest for the
                  | Orb.
     0 | D:1      | Reached XP level 1. HP: 16/16 MP: 1/1
   318 | D:1      | Gained mutation: You regenerate a little health from kills.
                  | [demonic ancestry]
   318 | D:1      | Reached XP level 2. HP: 19/22 MP: 2/2
   605 | D:1      | Found a faded altar of an unknown god.
   887 | D:2      | Noticed Robin
   925 | D:1      | Reached XP level 3. HP: 21/28 MP: 3/3
  1140 | D:2      | Killed Robin
  1141 | D:2      | Reached skill level 1 in Armour
  1163 | D:2      | Found a runed translucent door.
  1164 | D:2      | Noticed Crazy Yiuf
  1432 | D:2      | Noticed Jessica
  1440 | D:2      | Killed Jessica
  1441 | D:2      | Reached XP level 4. HP: 34/34 MP: 4/4
  2360 | D:3      | Found a hazy altar of Hepliaklqana.
  2364 | D:3      | Found a broken altar of Ashenzari.
  2550 | D:3      | Reached XP level 5. HP: 41/41 MP: 5/5
  3167 | D:4      | Killed from afar by an orc priest

Illustrated notes

Levels and vault maps discovered:
D:1:      dpeg_arrival_solitude, layout_basic,
          shapermc_ecumenical_altar_totnotflames
D:2:      layout_basic, uniq_crazy_yiuf_cottage, uniq_jessica, uniq_robin
D:3:      layout_basic, grunt_temple_overflow_open,
          corexii_item_surrounded_by_moat, minivault_11,
          minmay_misc_feat_columns
D:4:      layout_rooms, minmay_temple_entry_antechambers, serial_shops,
          shop_fountains, kennysheep_pointless_box, minivault_19, st_stairs_3,
          serial_park_tiny_2

Skill      XL: |  1  2  3  4 |
---------------+-------------+-----
Throwing       | 2 |  2.0
Dodging        | 3 |  3.5
Long Blades    | 3 |  3.5
Armour         | 1 |  1.7
Fighting       | 3 |  3.1

Action                   |  1- 3 |  4- 6 || total
-------------------------+-------+-------++-------
Melee: Long sword        |   123 |    68 ||   191
       Punch             |     1 |     1 ||     2
Throw: Throwing net      |     3 |       ||     3
  Use: Potion            |     1 |       ||     1
 Stab: Sleeping          |     1 |       ||     1
Armor: Leather armour    |    43 |       ||    43
       Ring mail         |    39 |    15 ||    54
Dodge: Dodged            |   145 |    51 ||   196

Table legend: (Time is in decaauts)
 A = Elapsed time spent in this place.
 B = Non-inter-level travel time spent in this place.
 C = Inter-level travel time spent in this place.
 D = Time resting spent in this place.
 E = Time spent auto-exploring this place.
 F = Levels seen in this place.
 G = Mean time per level.
                   A        B        C        D        E       F      G
               +--------+--------+--------+--------+--------+-----+--------+
         Total |   3216 |   3141 |     75 |    403 |   2208 |   4 |  804.0 |
       Dungeon |   3216 |   3141 |     75 |    403 |   2208 |   4 |  804.0 |
               +--------+--------+--------+--------+--------+-----+--------+

Top non-repeatable levels by time:
     D:3: 1332 daAuts
     D:1: 1079 daAuts
     D:2: 677 daAuts
     D:4: 126 daAuts
